 Dungeon Crawl Stone Soup version 0.31.0 (webtiles) character file.

Game seed: 1529326177845930163

90214 Esekla the Covert (level 15, -5/103 HPs)
             Began as an Octopode Delver on Jan 19, 2024.
             Was an Initiate of Gozag.
             Slain by Donald
             ... wielding a +2 double sword of flaming
              (18 damage)
             ... on level 2 of the Snake Pit on Jan 20, 2024.
             The game lasted 03:46:26 (31283 turns).

Esekla the Covert (Octopode Delver)                Turns: 31283, Time: 03:46:26

Health: -5/103     AC: 17    Str: 12    XL:     15   Next: 99%
Magic:  15/30      EV: 22    Int: 26    God:    Gozag
Gold:   1349       SH:  5    Dex: 13    Spells: 3/36 levels left

rFire   . . .        s - +1 dagger (venom)
rCold   + . .        H - +0 buckler
rNeg    . . .        I - +2 hat {SInv}
rPois   .            U - amulet of regeneration
rElec   .            v - +6 ring of intelligence
rCorr   +            A - ring of resist corrosion
SInv    +            B - +5 ring of evasion
Will    +....        J - +4 ring of protection
Stlth   ++++++       N - ring of wizardry
HPRegen 1.17/turn    F - ring of the Mage {Wiz Archmagi}
MPRegen 0.22/turn    O - ring of flight
                     x - ring of protection from cold

%: wizardry (x2), archmagi
@: ice-armoured, gold aura, freezing walls, flying
A: almost no armour, amphibious, 8 rings, camouflage 1, gelatinous body 1,
(nimble swimmer 1), tentacles
a: Renounce Religion, Potion Petition, Call Merchant, Bribe Branch


You were on level 2 of the Snake Pit.
You worshipped Gozag.
Gozag was most pleased with you.
You visited 5 branches of the dungeon, and saw 23 of its levels.
You also visited: Ossuary, Ice Cave and Volcano.

You collected 8811 gold pieces.
You spent 3016 gold pieces at shops.
You paid 4446 gold pieces to Gozag.

Inventory:

Hand Weapons
 a - a +9 scimitar of flaming
 g - a +3 scimitar of protection
 r - a +2 trident of venom
 s - a +1 dagger of venom (weapon)
 w - a +2 scimitar of holy wrath
Missiles
 c - 8 curare-tipped darts
 d - 27 poisoned darts
 e - 10 javelins
 z - 20 boomerangs (quivered)
Armour
 H - a +0 buckler (worn)
 I - a +2 hat of see invisible (worn)
Jewellery
 v - a +6 ring of intelligence (left tentacle)
 x - a ring of protection from cold (on tentacle)
 A - a ring of resist corrosion (right tentacle)
 B - a +5 ring of evasion (on tentacle)
 F - the ring of the Mage (on tentacle) {Wiz Archmagi}
   (You bought it in a shop on level 10 of the Dungeon)

   [ring of wizardry]

   Wiz:       It improves your spell success rate.
   Archmagi:  It increases the power of your magical spells.
 J - a +4 ring of protection (on tentacle)
 N - a ring of wizardry (on tentacle)
 O - a ring of flight (on tentacle)
 U - an amulet of regeneration (around mantle)
Wands
 f - a wand of digging (1)
 m - a wand of light (11)
 G - a wand of iceblast (29)
 L - a wand of flame (35)
 S - a wand of mindburst (8)
Scrolls
 b - 5 scrolls of fog
 i - 4 scrolls of revelation
 j - 3 scrolls of enchant armour
 k - 11 scrolls of teleportation
 o - 2 scrolls of blinking
 y - 3 scrolls of poison
 C - a scroll of acquirement
 E - 5 scrolls of butterflies
 T - 4 scrolls of identify
Potions
 h - 4 potions of brilliance
 l - 14 potions of curing
 n - a potion of magic
 p - 2 potions of haste
 q - 3 potions of attraction
 u - 3 potions of might
 D - 2 potions of enlightenment
 M - 2 potions of invisibility
 P - 3 potions of heal wounds
 R - a potion of lignification
 V - 3 potions of cancellation
 Y - 2 potions of resistance
Miscellaneous
 t - a lightning rod (4/4)


   Skills:
 * Level 10.2 Fighting
 + Level 3.8(8.1) Short Blades
 * Level 11.1(11.4) Long Blades
 + Level 3.3 Throwing
 * Level 9.9 Dodging
 + Level 11.8 Stealth
 + Level 3.8 Shields
 * Level 11.1 Spellcasting
 + Level 5.3 Conjurations
 + Level 2.7 Summonings
 * Level 9.1 Necromancy
 + Level 3.6 Translocations
 * Level 2.2 Fire Magic
 + Level 8.4 Ice Magic
 * Level 3.6 Air Magic
 * Level 6.4 Earth Magic
 * Level 2.7 Alchemy
 + Level 0.3 Evocations


You had 3 spell levels left.
You knew the following spells:

 Your Spells              Type           Power      Damage    Failure   Level
a - Ozocubu's Armour      Ice            73%        N/A       1%          3
c - Mephitic Cloud        Conj/Alch/Air  51%        N/A       1%          3
d - Vampiric Draining     Necr           75%        2d11      1%          3
i - Iskenderun's Mystic   Conj/Tloc      54%        2d12      2%          4
l - Lee's Rapid Deconstr  Erth           32%        3d16*     3%          5
n - Ignite Poison         Fire/Alch      41%        N/A       5%          4
p - Apportation           Tloc           100%       N/A       1%          1
r - Frozen Ramparts       Ice            100%       1d16      1%          3
u - Dispel Undead         Necr           75%        3d25      1%          4
w - Fugue of the Fallen   Necr           75%        N/A       1%          3

Your spell library contained the following spells:

 Spells                   Type           Power      Damage    Failure   Level
 Foxfire                  Conj/Fire      100%       2x1d9     1%          1
 Kiss of Death            Conj/Necr      100%       2d13      1%          1
 Necrotise                Necr           100%       1d9       1%          1
 Slow                     Hex            84%        N/A       1%          1
 Sting                    Conj/Alch      100%       1d9       1%          1
 Summon Small Mammal      Summ           100%       N/A       1%          1
 Cigotuvi's Dreadful Rot  Necr/Alch/Air  100%       N/A       1%          2
 Ensorcelled Hibernation  Hex/Ice        100%       N/A       1%          2
 Sublimation of Blood     Necr           75%        N/A       1%          2
 Hailstorm                Conj/Ice       66%        3d12      1%          3
 Passwall                 Erth           64%        N/A       1%          3
 Summon Ice Beast         Ice/Summ       60%        N/A       1%          3
 Swiftness                Air            50%        N/A       1%          3
 Jinxbite                 Hex            42%        N/A       2%          2
 Confusing Touch          Hex            21%        N/A       4%          3
 Sigil of Binding         Hex            21%        N/A       4%          3
 Tukima's Dance           Hex            21%        N/A       4%          3
 Martyr's Knell           Necr/Summ      62%        N/A       1%          4
 Anguish                  Hex/Necr       27%        N/A       2%          4
 Manifold Assault         Tloc           50%        N/A       3%          4
 Summon Lightning Spire   Summ/Air       46%        N/A       4%          4
 Freezing Cloud           Conj/Ice/Air   30%        6-21      4%          5
 Death Channel            Necr           37%        N/A       5%          6
 Dimensional Bullseye     Hex/Tloc       18%        N/A       7%          4
 Summon Forest            Summ/Tloc      23%        N/A       11%         5
 Alistair's Intoxication  Alch           28%        N/A       13%         5
 Sculpt Simulacrum        Ice/Alch       30%        N/A       22%         6
 Eringya's Noxious Bog    Alch           21%        4d6       54%         6
 Monstrous Menagerie      Summ           21%        N/A       97%         7
 Summon Hydra             Summ           21%        N/A       97%         7
 Animate Armour           Summ/Erth      Unusable   N/A       N/A         4

Dungeon Overview and Level Annotations

Branches:
Dungeon (13/15)            Temple (1/1) D:5            Lair (5/5) D:9
  Swamp (0/4) Lair:3        Snake (2/4) Lair:3        Slime (0/5) Lair:5
    Orc (2/2) D:10            Elf (0/3) Orc:2       Ossuary (visited)
  IceCv (visited)         Volcano (visited)
 Vaults: D:13-14

Altars:
Ashenzari
Cheibriados
Dithmenos
Elyvilon
Fedhas
Gozag
Hepliaklqana
Kikubaaqudgha
Makhleb
Nemelex Xobeh
Okawaru
Qazlal
Ru
Sif Muna
Trog
Uskayaw
Vehumet
Wu Jian
Xom
Yredelemnul
Zin
The Shining One

Shops:
D:8 (   D:9 :?:   D:10 =   Orc:2 ([*?   Snake:2 !

Annotations:
D:5 Pikel
Snake:2 Donald, Vashnia


Innate Abilities, Weirdness & Mutations

You cannot wear most types of armour.
You are amphibious.
You can wear up to eight rings at the same time.
Your skin changes colour to match your surroundings (Stealth+).
Your rubbery body absorbs attacks. (AC +1, EV +1)
((You are camouflaged when in or above water. (Stealth+)))
You have tentacles for arms and can constrict up to eight enemies at once.


Message History

Mlioglotl churns violently!
Mlioglotl corrupts the dungeon around him!
Casting: Mephitic Cloud (safe; 1% risk of failure)
Confirm with . or Enter, or press ? or * to list all spells.
You feel a surge of power!
You ignite the poison in your surroundings!
Mlioglotl is engulfed in blazing flames.
Mlioglotl resists.
The wall freezes Mlioglotl.
Mlioglotl hits you but does no damage. Mlioglotl misses you.
The spriggan defender simulacrum is engulfed in blazing flames.
The spriggan defender simulacrum closely misses you.
You barely miss Mlioglotl. Your squeeze misses Mlioglotl.
Mlioglotl is almost dead.
Donald is engulfed in blazing flames.
Mlioglotl is engulfed in blazing flames.
You kill Mlioglotl!
The spriggan defender simulacrum disappears in a puff of smoke!
The small abomination disappears in a puff of smoke!
Donald is engulfed in blazing flames.
Your +9 scimitar of flaming stops flaming.
Your +1 dagger of venom begins to drip with poison!
s - a +1 dagger of venom (weapon)
Donald is engulfed in blazing flames.
The wall freezes Donald but does no damage.
Donald hits you with a +2 double sword of flaming!!!
* * * LOW HITPOINT WARNING * * *
Donald burns you!
* * * LOW HITPOINT WARNING * * *
The heat melts your icy armour.
Casting: Ignite Poison (dangerous; 5% risk of failure)
Confirm with . or Enter, or press ? or * to list all spells.
Okay, then.
As you read the scroll of fear, it crumbles to dust.
You assume a fearsome visage.
Donald looks frightened!
Donald is engulfed in blazing flames.
The wall freezes Donald.
Your attack snaps Donald out of his fear.
Donald hits you with a +2 double sword of flaming!!
You die...
Donald says, "I won.
I... don't hate that."
Your body crumbles into a pile of gold.

....~∩≈.... ###
....≈~~.......#.####.##
.................##.#.#
.................##.###
............#....##.##
..............○°°.##.#
..#..?.........☼°. #.##
###...........☼○@###..#
## ..........#..@##...##
### .#
..............#.....##...
.# ...
#......#.........## .###.
##.......#.........
..##...
#.##..#.##......##
..###..
##.######.#.......#
...##..##...# #.##.....##
....##......## #.#....###
....##.......####..####.#


You could see Donald (fast, strong).

Vanquished Creatures
  Mlioglotl (Snake:2)
  Gastronok (Lair:2)
  Kirke (Snake:1)
  Aizul (Snake:1)
  An orc warlord (Orc:1)
  Azrael (Orc:2)
  An eleionoma (Lair:3)
  A minotaur (Lair:1)
  Snorg (D:11)
  Josephine (Orc:2)
  3 hydras
  Harold (Orc:1)
  Erica (Lair:2)
  A merfolk avatar (Lair:5)
  2 anacondas (Snake:1)
  2 boulder beetles
  3 two-headed ogres
  2 naga warriors (Snake:2)
  13 death yaks
  A naga sharpshooter (Snake:1)
  5 orc high priests
  A shock serpent (Snake:1)
  Nergalle (D:11)
  3 skysharks (Lair:5)
  Lodul (D:10)
  A fire crab (Volcano)
  4 mana vipers (Snake:1)
  2 deep elf pyromancers (D:12)
  2 bog bodies (IceCv)
  An orc knight (Orc:1)
  4 lindwurms (Lair:3)
  A harpy (Lair:5)
  2 wolf spiders (Lair:5)
  A cyclops (D:10)
  3 manticores
  5 orc sorcerers
  An ugly thing (D:13)
  4 salamanders
  2 kobold blastminers (Orc:1)
  An ice statue (IceCv)
  5 elephants
  2 naga magi
  10 black mambas
  A gargoyle (D:11)
  15 cane toads
  An unseen horror (D:10)
  A kobold demonologist (D:9)
  5 komodo dragons
  A rime drake (Lair:4)
  2 anaconda simulacra (IceCv)
  3 trolls
  A wind drake (Lair:5)
  Grinder (D:5)
  14 blink frogs
  6 dream sheep (Lair:1)
  2 snapping turtles (Lair:5)
  Sigmund (D:2)
  A vampire (D:12)
  7 wyverns
  A shadow (D:11)
  6 wraiths
  2 fire bats (Volcano)
  4 fire elementals (Orc:2)
  3 hogs (Snake:1)
  23 yaks
  2 wargs (Orc:1)
  4 dire elephant simulacra (IceCv)
  5 vampire mosquitoes
  4 basilisks
  A death yak simulacrum (IceCv)
  3 steam dragons
  A harpy simulacrum (IceCv)
  10 nagas
  2 acid dragons
  A hydra simulacrum (IceCv)
  4 hell hounds (Orc:2)
  12 water moccasins
  Duvessa (D:5)
  31 orc warriors
  3 black bears
  2 ice beasts (D:6)
  A sky beast (D:7)
  27 wolves
  14 ogres
  2 phantoms (D:10)
  5 centaurs
  5 kobold brigands
  Blork the orc (D:5)
  21 bullfrogs
  3 gnoll sergeants
  2 weeping skulls (Ossuary)
  4 cane toad simulacra (IceCv)
  4 scorpions
  8 two-headed ogre simulacra (IceCv)
  9 wights
  Dowan (D:5)
  10 killer bees
  An elephant simulacrum (IceCv)
  3 troll zombies (D:10)
  4 electric eels
  6 howler monkeys
  A human zombie (Ossuary)
  A bombardier beetle (D:6)
  41 orc priests
  2 hounds (D:6)
  A jelly (D:4)
  Jessica (D:3)
  Terence (D:2)
  2 iguanas (D:5)
  31 orc wizards
  3 sleepcaps
  A spriggan simulacrum (IceCv)
  A polar bear simulacrum (IceCv)
  4 troll simulacra (IceCv)
  3 wolf simulacra (IceCv)
  5 ogre zombies (D:10)
  3 mummies (Ossuary)
  Robin (D:4)
  11 adders
  8 gnolls
  6 naga simulacra (IceCv)
  3 shadow imps
  9 white imps
  8 ufetubi (IceCv)
  2 ribbon worms (D:2)
  4 dart slugs
  70 orcs
  7 bats
  10 endoplasms
  4 giant cockroaches
  3 gnoll zombies (D:10)
  15 goblins
  6 hobgoblins
  5 jackals (D:3)
  25 kobolds
  9 quokkas
  6 ball pythons
  4 frilled lizards
  3 gnoll skeletons (D:10)
  3 kobold zombies (Ossuary)
  2 orc skeletons (D:10)
  21 orc zombies
  7 rats
772 creatures vanquished.

Vanquished Creatures (others)
  A bullfrog (D:6)
  3 iguanas (D:6)
  An orc wizard (Orc:2)
  A white imp (D:6)
  2 orcs
8 creatures vanquished.

Grand Total: 780 creatures vanquished

Notes
Turn   | Place    | Note
-------+----------+-------------------------------------------
     0 | D:5      | Esekla the Octopode Delver began the quest for the Orb.
     0 | D:5      | Reached XP level 1. HP: 16/16 MP: 1/1
    81 | D:5      | Found an ornate altar of the Wu Jian Council.
    88 | D:5      | Found a staircase to the Ecumenical Temple.
    92 | D:5      | Noticed Pikel
    93 | D:5      | Noticed a lemure
    93 | D:5      | Noticed a lemure
    94 | D:5      | Noticed a lemure
    94 | D:5      | Noticed a lemure
    97 | Temple   | Entered the Ecumenical Temple
   108 | Temple   | Became a worshipper of Gozag Ym Sagoz the Greedy
   118 | D:5      | Noticed an iguana
   178 | D:5      | Found a sand-covered staircase.
   183 | Ossuary  | Entered an ossuary
   226 | Ossuary  | Reached skill level 1 in Spellcasting
   226 | Ossuary  | Reached XP level 2. HP: 21/21 MP: 1/3
   263 | Ossuary  | Reached XP level 3. HP: 26/26 MP: 3/5
   279 | Ossuary  | Noticed a weeping skull
   304 | Ossuary  | Noticed a weeping skull
   347 | Ossuary  | Reached XP level 4. HP: 25/31 MP: 6/6
   380 | Ossuary  | Killed a weeping skull
   381 | Ossuary  | Reached XP level 5. HP: 17/36 MP: 7/7
   479 | Ossuary  | Killed a weeping skull
   759 | D:4      | Found a bloodstained altar of Trog.
   783 | D:4      | Noticed a black bear
   981 | D:2      | Reached XP level 6. HP: 43/43 MP: 8/8
  1355 | D:1      | Found a faded altar of an unknown god.
  1807 | D:2      | Noticed Sigmund
  1812 | D:2      | Killed Sigmund
  1861 | D:2      | Noticed Terence
  1922 | D:2      | Learned a level 4 spell: Iskenderun's Mystic Blast
  1975 | D:2      | Killed Terence
  1976 | D:2      | Reached XP level 7. HP: 48/48 MP: 10/10
  2025 | D:2      | Reached skill level 1 in Translocations
  2893 | D:3      | Found a shadowy altar of Dithmenos.
  2933 | D:3      | Reached skill level 1 in Conjurations
  3143 | D:3      | Noticed Jessica
  3181 | D:3      | Killed Jessica
  3410 | D:4      | Learned a level 3 spell: Vampiric Draining
  3608 | D:4      | Noticed Robin
  3628 | D:4      | Killed Robin
  4061 | D:4      | Learned a level 4 spell: Dispel Undead
  4251 | D:4      | Found a shimmering blue altar of Sif Muna.
  4334 | D:5      | Noticed Blork the orc
  4341 | D:5      | Killed Blork the orc
  4342 | D:5      | Reached XP level 8. HP: 54/54 MP: 12/12
  4347 | D:5      | Reached skill level 1 in Necromancy
  4408 | D:5      | Noticed Grinder
  4424 | D:5      | Noticed Duvessa
  4424 | D:5      | Noticed Dowan
  4438 | D:5      | Killed Duvessa
  4442 | D:5      | Killed Dowan
  4443 | D:5      | Reached skill level 1 in Short Blades
  4468 | D:5      | Reached skill level 5 in Long Blades
  4482 | D:5      | Identified the +3 helmet "Hois" {+Blink rPois Str+4}
  4614 | D:5      | Killed Grinder
  4615 | D:5      | Reached skill level 5 in Fighting
  4961 | D:6      | Reached XP level 9. HP: 61/61 MP: 14/14
  5195 | D:6      | Reached skill level 10 in Stealth
  5514 | D:6      | Found a shimmering altar of Xom.
  6226 | D:7      | Found an iron altar of Okawaru.
  6298 | D:7      | Reached skill level 1 in Throwing
  6310 | D:7      | Found an ancient bone altar of Kikubaaqudgha.
  6461 | D:7      | Identified the +8 short sword of the Warrior {elec, ^Contam
                  | rF+ Str+2 Dex+3}
  6496 | D:7      | Reached skill level 5 in Dodging
  6525 | D:7      | Learned a level 3 spell: Ozocubu's Armour
  7299 | D:8      | Identified the +9 morningstar of an ice cave {distort,
                  | rF++}
  7726 | D:8      | Reached XP level 10. HP: 67/68 MP: 16/16
  7730 | D:8      | Reached skill level 1 in Ice Magic
  8205 | D:8      | Learned a level 3 spell: Fugue of the Fallen
  8244 | D:8      | Bought a crystal falchion for 232 gold pieces
  8244 | D:8      | Identified the +4 falchion of the Telling Traitor
                  | {antimagic, rC+} (You bought it in a shop on level 8 of the
                  | Dungeon)
  8423 | D:9      | Noticed a kobold demonologist
  8435 | D:9      | Reached skill level 1 in Shields
  8677 | D:9      | Found a staircase to the Lair.
  8846 | D:9      | Found a hazy altar of Hepliaklqana.
  9243 | D:9      | Killed a kobold demonologist
  9655 | D:9      | Found a sparkling altar of Nemelex Xobeh.
  9720 | D:10     | Entered Level 10 of the Dungeon
  9722 | D:10     | Noticed Lodul
  9972 | D:10     | Found a staircase to the Orcish Mines.
 10052 | D:10     | Reached skill level 5 in Necromancy
 10055 | D:10     | Reached XP level 11. HP: 49/75 MP: 7/18
 10481 | D:10     | Noticed a two-headed ogre
 10622 | Lair:1   | Entered Level 1 of the Lair of Beasts
 10640 | Lair:1   | Reached skill level 5 in Spellcasting
 10798 | Lair:1   | Found a dark tunnel.
 10876 | Volcano  | Entered a volcano
 11447 | Volcano  | Noticed a fire crab
 11452 | Volcano  | Killed a fire crab
 11511 | Volcano  | Noticed a two-headed ogre
 11512 | Volcano  | Noticed a salamander
 11512 | Volcano  | Noticed a salamander
 11513 | Volcano  | Killed a two-headed ogre
 11518 | Volcano  | Killed a salamander
 11854 | Volcano  | HP: 3/76 [salamander/+0 trident of flaming (8)]
 11857 | Volcano  | Killed a salamander
 12493 | Lair:1   | Found a runed translucent door.
 12685 | Lair:1   | Reached XP level 12. HP: 52/82 MP: 14/20
 13398 | D:9      | Bought a book of Party Tricks for 308 gold pieces
 13400 | D:9      | Learned a level 1 spell: Apportation
 13400 | D:9      | Bought the Grimoire of Snowy Command for 616 gold pieces
 13404 | D:9      | Learned a level 3 spell: Frozen Ramparts
 13611 | Lair:1   | Noticed a minotaur
 13618 | Lair:1   | Killed a minotaur
 13858 | Lair:2   | Reached skill level 1 in Earth Magic
 13994 | Lair:2   | Noticed Gastronok
 14019 | Lair:2   | Killed Gastronok
 14316 | Lair:2   | Noticed Erica
 14877 | Lair:2   | Killed Erica
 14878 | Lair:2   | Reached skill level 5 in Ice Magic
 15231 | Lair:3   | Found a staircase to the Snake Pit.
 15600 | Lair:3   | Noticed an eleionoma
 15658 | Lair:3   | Killed an eleionoma
 15695 | Lair:3   | Found a staircase to the Swamp.
 15716 | Lair:3   | Noticed a death yak
 15726 | Lair:3   | Noticed a death yak
 15727 | Lair:3   | Noticed a death yak
 15728 | Lair:3   | Noticed a death yak
 15854 | Lair:3   | Noticed a death yak
 15854 | Lair:3   | Noticed a death yak
 15854 | Lair:3   | Noticed a death yak
 15854 | Lair:3   | Noticed a death yak
 15854 | Lair:3   | Noticed a death yak
 15854 | Lair:3   | Noticed a death yak
 15947 | Lair:3   | Reached XP level 13. HP: 59/89 MP: 10/23
 19354 | Lair:4   | You fall into a shaft and drop 1 floor!
 19354 | Lair:5   | Entered Level 5 of the Lair of Beasts
 19906 | Lair:4   | Learned a level 5 spell: Lee's Rapid Deconstruction
 19959 | Lair:4   | Reached XP level 14. HP: 97/97 MP: 20/27
 20681 | Lair:5   | Reached skill level 10 in Long Blades
 20959 | Lair:5   | Reached skill level 5 in Earth Magic
 20979 | Lair:5   | Reached skill level 5 in Conjurations
 21415 | Lair:5   | Found a staircase to the Slime Pits.
 21722 | Lair:5   | Learned a level 4 spell: Summon Lightning Spire
 22233 | D:10     | Killed Lodul
 22443 | Orc:1    | Entered Level 1 of the Orcish Mines
 22443 | Orc:1    | Noticed Harold
 22462 | D:10     | Reached skill level 1 in Air Magic
 22773 | Orc:1    | Killed Harold
 22909 | Orc:2    | Entered Level 2 of the Orcish Mines
 22909 | Orc:2    | Noticed an orc warlord
 23071 | Orc:1    | Reached skill level 10 in Spellcasting
 23574 | Orc:2    | Found a staircase to the Elven Halls.
 23575 | Orc:2    | Noticed Josephine
 23715 | Orc:2    | Killed Josephine
 23865 | Orc:2    | Reached skill level 1 in Summonings
 24014 | Orc:1    | Killed an orc warlord
 24564 | Orc:2    | Reached XP level 15. HP: 82/103 MP: 19/29
 24837 | Orc:2    | Noticed Azrael
 24876 | Orc:2    | Killed Azrael
 25189 | Orc:2    | Found Udatwoc's Weapon Shoppe.
 25189 | Orc:2    | Found Teoxo Vedana's Assorted Antiques.
 25209 | Orc:2    | Found Uholeg Suro's Magic Scroll Emporium.
 25212 | Orc:2    | Found Vyonwel's Armour Shoppe.
 25603 | D:9      | Bought a scroll of enchant weapon for 150 gold pieces
 25702 | Orc:2    | Bought a scroll of identify for 28 gold pieces
 25702 | Orc:2    | Bought a scroll of acquirement for 728 gold pieces
 25702 | Orc:2    | Bought a scroll of identify for 28 gold pieces
 25702 | Orc:2    | Bought a scroll of identify for 28 gold pieces
 25702 | Orc:2    | Bought a scroll of brand weapon for 133 gold pieces
 25821 | D:10     | Acquired Miluxeonk's Codex of Spectral Blows
 25827 | D:10     | Learned a level 3 spell: Mephitic Cloud
 25827 | D:10     | Acquired a Trismegistus Codex
 25835 | D:10     | Learned a level 4 spell: Ignite Poison
 25896 | D:11     | Noticed Snorg
 25902 | D:11     | Killed Snorg
 25948 | D:11     | Found a frozen archway.
 25960 | D:11     | Noticed Nergalle
 25971 | D:11     | Killed Nergalle
 26134 | D:10     | Bought the ring of the Mage {Wiz Archmagi} for 765 gold
                  | pieces
 26134 | D:10     | Found the ring of the Mage {Wiz Archmagi}
 26162 | IceCv    | Entered an ice cave
 27655 | IceCv    | HP: 5/103 [constriction (2)]
 27657 | IceCv    | Reached skill level 1 in Alchemy
 27796 | IceCv    | Reached skill level 1 in Fire Magic
 29492 | D:13     | Reached skill level 10 in Fighting
 29697 | Snake:1  | Entered Level 1 of the Snake Pit
 29705 | Snake:1  | Identified the serpent talisman of Gravitas {Int+4 Dex+3}
 29705 | Snake:1  | Noticed Aizul
 29719 | Snake:1  | Killed Aizul
 29911 | Snake:1  | Noticed Kirke
 29929 | Snake:1  | Killed Kirke
 30926 | Snake:2  | Noticed Vashnia
 30977 | Snake:2  | Found Soquf's Distillery.
 30983 | Snake:2  | Noticed Donald
 31245 | Snake:2  | Noticed Mlioglotl
 31281 | Snake:2  | Killed Mlioglotl
 31283 | Snake:2  | Slain by Donald

Illustrated notes

Levels and vault maps discovered:
D:1:      dpeg_arrival_long_road, layout_loops_cross,
          shapermc_ecumenical_altar_venn
D:2:      layout_basic, uniq_sigmund, uniq_terence
D:3:      layout_loops_ring, grunt_dithmenos_smoke, grunt_decor_mini_mirrors,
          minmay_pentangle, uniq_jessica
D:4:      layout_basic, lemuel_coloured_pillars_altar,
          mainiacjoe_overflow_catwalk, uniq_robin
D:5:      layout_rooms, nzn_wu_jian_council_hall,
          minmay_temple_entry_statues_fountains, nicolae_ossuary_entry_plus,
          minmay_circle_x, uniq_blork_the_orc, uniq_grinder, uniq_duvessa,
          uniq_pikel
D:6:      layout_loops_corners, xom_confusion_cloud, nicolae_half_adder
D:7:      layout_loops_ring, mainiacjoe_overflow_tiny_flanked, okawaru_trees_1
D:8:      layout_gridville
D:9:      layout_roguey, minitemple, minmay_lair_entry_grove,
          serial_library_hellmonk_junction
D:10:     kennysheep_spiral_hall, layout_basic, zombieorc2_lemuel, uniq_lodul
D:11:     layout_cave_pools, portal_ice_cave_entry_pillars_1, minivault_19,
          chequers_big_river, amcnicky_mini_pool_small, uniq_nergalle,
          uniq_snorg
D:12:     layout_basic
D:13:     layout_roguey [special_room_orc], hellmonk_vaults_keyhole,
          minmay_unpleasant_kobolds
Temple:   nicolae_temple_figure_eight
Lair:1:   dreamdust_labyrinth, layout_small_grid,
          nicolae_volcano_entry_lava_flow, eino_small_chamber_without_monster
Lair:2:   layout_cave_pods, uniq_gastronok, uniq_erica
Lair:3:   layout_layer_cave, alex1729_swamp_entry_worm_eleionoma,
          alex1729_snake_entry_snake, minmay_lindwurm_lava, lemuel_fruit_fields,
          serial_bayou_shore_b
Lair:4:   layout_small_grid, beast_lair_carwin_5
Lair:5:   gammafunk_lair_ancient_temple, layout_regular_city, slime_entry_1,
          serial_bayou_lagoon_a, nicolae_lair_run_with_the_wolves,
          lemuel_fruit_tree
Snake:1:  layout_misc_corridors, serial_bayou_crossing, uniq_aizul, uniq_kirke
Snake:2:  layout_chambers, serial_shops, nicolae_shop_industrial_runoff,
          nicolae_shop_crystal, uniq_vashnia, uniq_mlioglotl, uniq_donald
Orc:1:    layout_caves, nicolae_orc_rockfall, uniq_harold
Orc:2:    st_orc_mages, layout_caves, uniq_josephine, uniq_azrael

Skill      XL: |  1  2  3  4  5  6  7  8  9 10 11 12 13 14 15 |
---------------+----------------------------------------------+-----
Spellcasting   | 1 2 3 4 5 7 9 10 11 | 11.1
Stealth        | 7 8 9 11 | 11.8
Long Blades    | 3 4 5 6 7 8 9 10 11 | 11.1
Fighting       | 4 5 6 7 8 9 10 | 10.2
Translocations | 1 2 3 |  3.6
Dodging        | 3 4 5 6 7 8 9 |  9.9
Conjurations   | 1 2 3 4 5 |  5.3
Necromancy     | 2 3 5 6 7 8 9 |  9.1
Short Blades   | 2 3 |  3.8
Throwing       | 1 2 3 |  3.3
Ice Magic      | 3 4 5 6 8 |  8.4
Shields        | 2 3 |  3.8
Earth Magic    | 3 4 5 6 |  6.4
Air Magic      | 2 3 |  3.6
Summonings     | 1 2 |  2.7
Alchemy        | 2 |  2.7
Fire Magic     | 2 |  2.2
Evocations     | |  0.3

Action                     |  1- 3 |  4- 6 |  7- 9 | 10-12 | 13-15 || total
---------------------------+-------+-------+-------+-------+-------++-------
  Melee: Falchion          |    25 |    78 |    53 |       |       ||   156
         Constrict         |     8 |    18 |    59 |    91 |   113 ||   289
         Tentacles         |     6 |    14 |    68 |   162 |   233 ||   483
         Punch             |     2 |     2 |     3 |     6 |    18 ||    31
         Dagger            |       |     7 |   204 |   196 |   201 ||   608
         Scimitar          |       |       |    31 |   352 |   571 ||   954
  Throw: Dart              |       |     1 |       |    12 |    61 ||    74
         Boomerang         |       |       |    12 |    39 |   133 ||   184
   Cast: Vampiric Draining |       |       |     2 |    37 |    81 ||   120
         Ozocubu's Armour  |       |       |       |    33 |   100 ||   133
         Fugue of the Fall |       |       |       |     4 |    29 ||    33
         Frozen Ramparts   |       |       |       |     9 |   113 ||   122
         Apportation       |       |       |       |     2 |    34 ||    36
         Iskenderun's Myst |       |       |       |       |     8 ||     8
         Dispel Undead     |       |       |       |       |     9 ||     9
         Summon Lightning  |       |       |       |       |     1 ||     1
         Mephitic Cloud    |       |       |       |       |    27 ||    27
         Ignite Poison     |       |       |       |       |    27 ||    27
         Lee's Rapid Decon |       |       |       |       |     5 ||     5
 Invoke: Call Merchant     |       |       |       |     2 |     3 ||     5
  Evoke: Wand              |     1 |       |       |     3 |    12 ||    16
    Use: Scroll            |     1 |       |     8 |     6 |    23 ||    38
         Potion            |     1 |       |     2 |     9 |     7 ||    19
   Stab: Sleeping          |       |    13 |    55 |    27 |    20 ||   115
         Distracted        |       |     1 |     4 |     2 |     5 ||    12
         Confused          |       |       |       |       |     5 ||     5
 Armour: Skin              |     8 |    24 |    83 |   252 |   476 ||   843
  Dodge: Dodged            |    12 |    46 |   151 |   487 |   877 ||  1573
  Block: Buckler           |       |       |       |    38 |   194 ||   232
